 Dungeon Crawl Stone Soup version 0.30-a0-1074-g5db6f66fbb (webtiles) character file.

Game seed: 1269000261502144292

221 hwolsky the Shield-Bearer (level 5, 0/47 HPs)
             Began as a Minotaur Fighter on Apr 13, 2023.
             Slain by Grinder (3 damage)
             ... on level 3 of the Dungeon.
             The game lasted 00:14:16 (3412 turns).

hwolsky the Shield-Bearer (Minotaur Fighter)        Turns: 3412, Time: 00:14:17

Health: 0/47       AC: 13    Str: 29    XL:     5   Next: 65%
Magic:  4/4        EV:  9    Int:  5    God:
Gold:   1458       SH:  4    Dex:  9    Spells: 4/4 levels left

rFire   . . .      SeeInvis .    a - +0 long sword
rCold   + . .      Faith    .    c - +0 buckler
rNeg    . . .      Spirit   .    s - +3 scale mail {rC+}
rPois   .          Reflect  .    (helmet restricted)
rElec   .          Rampage  .    l - +1 cloak
rCorr   .                        j - +0 pair of gloves
Will    .....                    (no boots) Stlth
                                 (no amulet)
HPRegen 0.27/turn                q - +6 ring of strength
MPRegen 0.09/turn                (no ring)

@: mighty
A: horns 2, retaliatory headbutt
a: no special abilities


You were on level 3 of the Dungeon.
You visited 1 branch of the dungeon, and saw 3 of its levels.
You also visited: Sewer.

You collected 1458 gold pieces.

Inventory:

Hand Weapons
 a - a +0 long sword (weapon)
Armour
 c - a +0 buckler (worn)
 j - a +0 pair of gloves (worn)
 l - a +1 cloak (worn)
 s - a +3 scale mail of cold resistance (worn)
Jewellery
 q - a +6 ring of strength (left hand)
Scrolls
 b - a scroll of fear {unknown}
 f - 2 scrolls of identify
 g - a scroll of blinking {unknown}
 o - a scroll of teleportation {unknown}
 p - a scroll of brand weapon {unknown}
 r - a scroll of enchant armour {unknown}
Potions
 d - a potion of might
 e - 2 potions of curing {unknown}
 h - 3 potions of brilliance {unknown}
 i - 3 potions of heal wounds {unknown}
 k - a potion of haste {unknown}
 m - a potion of attraction {unknown}
 n - a potion of mutation {unknown}
 t - 2 potions of ambrosia {unknown}


   Skills:
 + Level 4.9 Fighting
 + Level 4.1 Long Blades
 + Level 4.9 Armour
 + Level 5.0 Shields


You had 4 spell levels left.
You didn't know any spells.
Your spell library contained the following spells:

 Spells                   Type           Power      Damage    Failure   Level
 Summon Small Mammal      Summ           0%         N/A       80%         1
 Call Canine Familiar     Summ           0%         N/A       99%         3
 Summon Guardian Golem    Hex/Summ       0%         N/A       99%         3
 Tukima's Dance           Hex            0%         N/A       99%         3
 Passage of Golubria      Tloc           0%         N/A       100%        4
 Fireball                 Conj/Fire      0%         3d3       100%        5
 Iskenderun's Battlesphe  Conj           0%         2d6       100%        5
 Yara's Violent Unravell  Hex/Tmut       0%         3d3       100%        5
 Conjure Ball Lightning   Conj/Air       0%         3x3d6     100%        6
 Orb of Destruction       Conj           0%         9d5       100%        7


Dungeon Overview and Level Annotations

Branches:
Dungeon (3/15)              Sewer (visited)

Altars:

Shops:
D:1 *   D:3 =

Annotations:
D:3 Grinder


Innate Abilities, Weirdness & Mutations

You have a pair of horns on your head.
You reflexively headbutt those who attack you in melee.


Message History

You barely miss Grinder. Your headbutt misses Grinder.
Grinder is moderately wounded.
Grinder gestures at you. Pain shoots through your body!
Grinder hits you but does no damage.
You closely miss Grinder.
Grinder is moderately wounded.
You block Grinder's attack.
You hit Grinder. You headbutt Grinder.
Grinder is heavily wounded.
Grinder gestures at you. Pain shoots through your body!
You hit Grinder.
Grinder is severely wounded.
Grinder says, "There's only one good use for a tongue: cutting it out."
Grinder gestures at you.
You suddenly lose the ability to move!
Grinder hits you but does no damage.
Grinder blinks!
Grinder gestures at you. Pain shoots through your body!
* * * LOW HITPOINT WARNING * * *
You can move again.
Grinder blinks!
You feel very mighty all of a sudden. Grinder hits you but does no damage.
You slash Grinder!
Grinder is almost dead.
Grinder blinks!
Grinder gestures at you. Pain shoots through your body!
* * * LOW HITPOINT WARNING * * *
Grinder gestures at you.
You suddenly lose the ability to move!
Grinder blinks! x3
You can move again.
You start resting.
Grinder is nearby!
Grinder hits you.
* * * LOW HITPOINT WARNING * * *
You writhe in agony.
You die...

.#### #.#
#.....#.# ....##
#.# #.....#.#
#.#..# ###.#
#.....#.# #.♣..♣
#..<# ####...##.#
#.♣~~♣♣
#.#.###.##.####)#
#.♣♣~.♣
#.#.##.#.#.# #.#
♣♣♣~.♣♣
#.#>..###.)# #.##
♣ ♣P.♣♣♣♣♣♣
#.####.#>#.# ##...
♣♣♣~~~♣~~~♣#
#@#####.##.###...#
~~.~..~~.~..
#.5............#..
P♣♣~.~♣~~♣♣.
#######.######...#
♣♣♣P~P♣♣♣♣♣. ...#
##.## ♣~~.♣ #.#
##### #.## #♣♣♣~♣♣
#.# #.## ..♣♣~♣♣
#.# #########.##
#.♣~.P♣ #.#
#......##.##
#.##.## #.#
#.####.##.##


You could see Grinder.

Vanquished Creatures
  Terence (D:3)
  4 gnolls (D:3)
  7 adders
  2 river rats (Sewer)
  A dart slug (D:1)
  9 ball pythons
  3 endoplasms
  5 giant cockroaches
  4 goblins
  9 hobgoblins
  4 quokkas
  3 bats
  7 frilled lizards
  7 kobolds
  15 rats
81 creatures vanquished.

Notes
Turn   | Place    | Note
-------+----------+-------------------------------------------
     0 | D:1      | hwolsky the Minotaur Fighter began the quest for the Orb.
     0 | D:1      | Reached XP level 1. HP: 19/19 MP: 0/0
    65 | D:1      | Found a faded altar of an unknown god.
   204 | D:1      | Reached XP level 2. HP: 26/27 MP: 1/1
   441 | D:1      | Found Qepn's General Store.
   628 | D:1      | Reached skill level 4 in Shields
   931 | D:2      | Reached XP level 3. HP: 17/33 MP: 2/2
  1841 | D:2      | Reached XP level 4. HP: 39/40 MP: 3/3
  2192 | D:3      | Found a glowing drain.
  2196 | Sewer    | Entered a sewer
  2448 | Sewer    | Identified a scroll of acquirement
  2449 | Sewer    | Acquired 1318 gold pieces
  2662 | D:3      | Found Jurof's Jewellery Boutique.
  2768 | D:3      | Noticed Terence
  2771 | D:3      | Reached XP level 5. HP: 47/47 MP: 4/4
  2778 | D:3      | Killed Terence
  3150 | D:3      | Reached skill level 5 in Shields
  3385 | D:3      | Noticed Grinder
  3397 | D:3      | Paralysed by Grinder for 5 turns
  3407 | D:3      | Paralysed by Grinder for 4 turns
  3412 | D:3      | Slain by Grinder

Illustrated notes

Levels and vault maps discovered:
D:1:      heliophobic_arrival_dark_side_of_the_moon, layout_basic, serial_shops,
          nicolae_shop_hallway_plus, nicolae_ecumenical_lake_church
D:2:      layout_loops_corners
D:3:      layout_loops_ring, gammafunk_temple_overflow_wave,
          gup_sewer_entry_bowl, serial_shops, shop, serial_park_tiny_1,
          serial_bayou_crossing, uniq_crazy_yiuf_cottage, uniq_grinder,
          uniq_terence

Skill      XL: |  1  2  3  4  5 |
---------------+----------------+-----
Shields        | 4 5 |  5.0
Fighting       | 4 |  4.9
Armour         | 4 |  4.9
Long Blades    | 3 4 |  4.1

Action                     |  1- 3 |  4- 6 || total
---------------------------+-------+-------++-------
  Melee: Long sword        |    89 |   123 ||   212
         Headbutt          |    10 |    15 ||    25
    Use: Scroll            |       |     2 ||     2
         Potion            |       |     2 ||     2
 Armour: Scale mail        |    67 |    71 ||   138
  Dodge: Dodged            |    58 |    64 ||   122
  Block: Buckler           |    27 |    37 ||    64

Table legend: (Time is in decaauts)
 A = Elapsed time spent in this place.
 B = Non-inter-level travel time spent in this place.
 C = Inter-level travel time spent in this place.
 D = Time resting spent in this place.
 E = Time spent auto-exploring this place.
 F = Levels seen in this place.
 G = Mean time per level.
                   A        B        C        D        E       F      G
               +--------+--------+--------+--------+--------+-----+--------+
         Total |   3558 |   3424 |    134 |    120 |   1600 |   4 |  889.5 |
       Dungeon |   3037 |   2903 |    134 |    120 |   1502 |   3 | 1012.3 |
         Sewer |    520 |    520 |      0 |      0 |     97 |   1 |  520.0 |
               +--------+--------+--------+--------+--------+-----+--------+

Top non-repeatable levels by time:
     D:2: 1192 daAuts
     D:1: 925 daAuts
     D:3: 919 daAuts
   Sewer: 520 daAuts
